 Dungeon Crawl Stone Soup version 0.20.1-1-g8b1a95d66d (webtiles) character file.

128 NullDivider the Sneak (level 5, -1/34 HPs)
             Began as an Octopode Artificer on Dec 6, 2017.
             Slain by a goblin (3 damage)
             ... on level 3 of the Dungeon.
             The game lasted 00:08:23 (2142 turns).

NullDivider the Sneak (Octopode Artificer)          Turns: 2142, Time: 00:08:24

Health: -1/34      AC:  1    Str: 12    XL:     5   Next: 11%
Magic:  7/7        EV: 14    Int: 13    God:
Gold:   216        SH:  0    Dex: 13    Spells: 4/4 levels left

rFire    . . .     SeeInvis .   a - +0 short sword
rCold    . . .     Gourm    .   (no shield)
rNeg     . . .     Faith    .   (helmet restricted)
rPois    .         Spirit   .   (no amulet)
rElec    .         Reflect  .   (no ring)
rCorr    .         Harm     .   (no ring)
MR       .....                  (no ring)
Stlth    ++++......             (no ring)
Regen    0.2/turn               (no ring)
MPRegen  0.1/turn               (no ring)
                                (no ring)
                                (no ring)

@: lethally poisoned (-1 -> -5)
A: almost no armour, stealthy swim, amphibious, 8 rings, constrict 8, camouflage
1, gelatinous body 1
a: no special abilities


You were on level 3 of the Dungeon.
You were not hungry.

You visited 1 branch of the dungeon, and saw 3 of its levels.

You collected 216 gold pieces.

Inventory:

Hand Weapons
 a - a +0 short sword (weapon)
Jewellery
 n - an uncursed ring of magical power {unknown}
 u - an uncursed amulet of magic regeneration {unknown}
Wands
 b - a wand of flame (15/48)
 c - a wand of enslavement (13/24)
 d - a wand of random effects (15/48)
 v - a wand of random effects (23/48)
Scrolls
 e - 3 scrolls of remove curse {unknown}
 g - 2 scrolls of magic mapping {unknown}
 i - a scroll of enchant armour {unknown}
 j - 2 scrolls of fog {unknown}
 k - a scroll of teleportation {unknown}
 s - a scroll of enchant weapon {unknown}
 x - a scroll of immolation {unknown}
Potions
 l - a potion of heal wounds {unknown}
 m - a potion of mutation {unknown}
 o - a potion of resistance {unknown}
 p - a potion of might {unknown}
 q - a potion of curing {unknown}
 t - a potion of lignification
Comestibles
 f - 2 bread rations
 h - a royal jelly
 w - a meat ration


   Skills:
 + Level 2.2 Fighting
 + Level 1.9 Short Blades
 + Level 2.4 Dodging
 * Level 4.5 Stealth
 + Level 3.8 Evocations


You had 4 spell levels left.
You didn't know any spells.

Dungeon Overview and Level Annotations

Branches:
Dungeon (3/15)

Altars:
Fedhas


Innate Abilities, Weirdness & Mutations

You cannot wear most types of armour.
You are very stealthy in the water. (Stealth+)
You are amphibious.
You can wear up to eight rings at the same time.
You can use your tentacles to constrict eight enemies at once.
Your skin changes colour to match your surroundings (Stealth+).
Your rubbery body absorbs attacks. (AC +1, EV +1)


Message History

You kill the adder!
You constrict the orc.
You feel sick. The goblin hits you but does no damage.
The orc barely misses you.
You hit the orc but do no damage.
The orc is moderately wounded.
You constrict the orc, but do no damage.
The goblin misses you. The orc hits you with a hand axe.
* * * LOW HITPOINT WARNING * * *
You hit the orc.
The orc is heavily wounded.
You constrict the orc, but do no damage.
You feel sick. The goblin barely misses you.
You hit the orc. You squeeze the orc.
You kill the orc!
The goblin hits you.
* * * LOW HITPOINT WARNING * * *
You barely miss the goblin. Your grab misses the goblin.
* * * LOW HITPOINT WARNING * * *
You feel sick. The goblin hits you.
You die...

##.#.=.# #....###.### #
#..#...# #......>....
#.##.#...####.#...#.....
.(.........>.........(.
.......#####.........[.
#......#..#.#÷.....
#..###.#..#.#.#####
#g[#...#..#[#.#
##@#.#....#.#.#
......))#.#.#..#.#)#####
#########+#+##^#.#.##...
........#.#...##...
........'.##.#.#...
.......÷#..._..#...
........####.#.#...
........# #....#...
........# #.#..#...


You could see a goblin.

Vanquished Creatures
  An orc wizard (D:3)
  4 adders
  2 oozes (D:1)
  A worm (D:3)
  3 leopard geckos
  6 orcs (D:3)
  2 giant cockroaches
  4 goblins
  7 hobgoblins
  3 kobolds
  3 quokkas
  4 bats
  A frilled lizard (D:3)
  5 rats
46 creatures vanquished.

Vanquished Creatures (others)
  An orc (D:3)
1 creature vanquished.

Grand Total: 47 creatures vanquished

Notes
Turn   | Place    | Note
-------+----------+-------------------------------------------
     0 | D:1      | NullDivider the Octopode Artificer began the quest for the Orb.
     0 | D:1      | Reached XP level 1. HP: 13/13 MP: 3/3
   235 | D:1      | Reached skill level 2 in Stealth
   241 | D:1      | Reached XP level 2. HP: 17/18 MP: 4/4
   650 | D:1      | Reached skill level 3 in Stealth
   722 | D:1      | Reached XP level 3. HP: 22/23 MP: 5/5
  1660 | D:3      | Reached XP level 4. HP: 27/29 MP: 6/6
  1726 | D:3      | Found a blossoming altar of Fedhas.
  1751 | D:3      | Reached skill level 4 in Stealth
  2135 | D:3      | Reached XP level 5. HP: 13/34 MP: 7/7
  2142 | D:3      | Slain by a goblin

Skill      XL: |  1  2  3  4 |
---------------+-------------+-----
Stealth        | 2 3 4 |  4.5
Fighting       | 2 |  2.2
Short Blades   | |  1.9
Dodging        | |  2.4
Evocations     | |  3.8

Action                   |  1- 3 |  4- 6 || total
-------------------------+-------+-------++-------
Melee: Short sword       |    68 |    54 ||   122
       Constrict         |    13 |     7 ||    20
       Tentacles         |     8 |     4 ||    12
Evoke: Wand              |       |     2 ||     2
  Use: Potion            |       |     2 ||     2
 Stab: Sleeping          |     9 |     1 ||    10
  Eat: Chunk             |     2 |     2 ||     4
Armor: Skin              |     3 |    25 ||    28
Dodge: Dodged            |    40 |    34 ||    74
